 Dungeon Crawl Stone Soup version 0.25.1-2-g60ff931df9 (webtiles) character file.

Game seed: 13847634661315897662

147 selver the Cudgeler (level 5, -1/61 HPs)
             Began as a Demonspawn Abyssal Knight on Oct 19, 2020.
             Was a Believer of Lugonu.
             Succumbed to a scorpion's poison
             ... on level 4 of the Dungeon.
             The game lasted 00:04:35 (2352 turns).

selver the Cudgeler (Demonspawn Abyssal Knight)     Turns: 2352, Time: 00:04:36

Health: -1/61      AC: 22    Str: 13    XL:     5   Next: 8%
Magic:  6/6        EV:  2    Int: 14    God:    Lugonu [**....]
Gold:   116        SH:  0    Dex: 14    Spells: 4/4 levels left

rFire    . . .     SeeInvis .   a - +1 mace
rCold    . . .     Gourm    .   (no shield)
rNeg     + + +     Faith    .   (armour currently unavailable)
rPois    +         Spirit   .   (helmet currently unavailable)
rElec    .         Reflect  .   (cloak currently unavailable)
rCorr    .         Harm     .   (gloves currently unavailable)
MR       .....     NoTele   +   (boots currently unavailable)
Stlth    ++........             (no amulet)
HPRegen  0.20/turn              (no ring)
MPRegen  0.10/turn              (no ring)

@: lethally poisoned (-1 -> -11), tree-form, stab
A: thin skeletal structure 1, powered by pain 1, rot immunity
a: Depart the Abyss, Bend Space, Renounce Religion


You were on level 4 of the Dungeon.
You worshipped Lugonu.
Lugonu was pleased with you.
You were not hungry.
You were a tree.
You visited 1 branch of the dungeon, and saw 4 of its levels.
You visited the Abyss 1 time.

You collected 116 gold pieces.

Inventory:

Hand Weapons
 a - a +1 mace (weapon)
Armour
 j - a +0 ring mail (melded)
Wands
 m - a wand of random effects (8)
Scrolls
 d - 2 scrolls of magic mapping {unknown}
 i - a scroll of fear {unknown}
 k - 2 scrolls of blinking {unknown}
 l - a scroll of identify {unknown}
Potions
 f - a potion of lignification
Comestibles
 b - a chunk of flesh
 c - 5 rations


   Skills:
 - Level 3.0 Fighting
 + Level 4.8 Maces & Flails
 - Level 1.7 Armour
 - Level 0.8 Dodging
 - Level 2.4 Invocations


You had 4 spell levels left.
You didn't know any spells.
Your spell library was empty.

Dungeon Overview and Level Annotations

Branches:
Dungeon (4/15)
 Temple: D:4-7

Altars:
Nemelex Xobeh


Innate Abilities, Weirdness & Mutations

((You have a pair of small horns on your head.))
You have a somewhat thin skeletal structure. (Dex +2, Stealth)
You sometimes gain a little power by taking damage.
You are immune to rotting.


Message History

* * * LOW HITPOINT WARNING * * *
You feel sick. The scorpion stings you.
* * * LOW HITPOINT WARNING * * *
It was a potion of flight.
Your roots keep you in place.
* * * LOW HITPOINT WARNING * * *
You feel sick.
The scorpion stings you but does no damage.
You closely miss the scorpion.
The scorpion is lightly wounded.
* * * LOW HITPOINT WARNING * * *
You feel sick.
The scorpion stings you but does no damage.
You sock the scorpion!
The scorpion is severely wounded.
* * * LOW HITPOINT WARNING * * *
You feel sick.
The scorpion stings you but does no damage.
You hit the scorpion.
The scorpion is severely wounded.
You die...

#####+#
#..##♣#
#..os.#
.......####
.####..#
#..# ..$#
.....
###..# #..


You could see a scorpion and an orc.

Vanquished Creatures
  Terence (D:2)
  Robin (D:2)
  4 gnolls (D:2)
  An ooze (D:2)
  3 dart slugs
  2 leopard geckos (D:2)
  5 orcs
  A ball python (D:2)
  2 giant cockroaches (D:1)
  12 goblins
  8 hobgoblins
  6 bats
  2 frilled lizards (D:1)
  2 kobolds (D:1)
  6 rats
56 creatures vanquished.

Notes
Turn   | Place    | Note
-------+----------+-------------------------------------------
     0 | Abyss:1  | selver the Demonspawn Abyssal Knight began the quest for
                  | the Orb.
     0 | Abyss:1  | Reached XP level 1. HP: 18/18 MP: 2/2
     0 | D:1      | Escaped the Abyss
    28 | D:1      | Reached skill level 2 in Maces & Flails
   155 | D:1      | Gained mutation: You have a pair of small horns on your
                  | head. [demonic ancestry]
   155 | D:1      | Reached XP level 2. HP: 18/24 MP: 3/3
   255 | D:1      | Reached * piety under Lugonu
   404 | D:1      | Reached skill level 3 in Maces & Flails
   867 | D:2      | Found a sparkling altar of Nemelex Xobeh.
   875 | D:2      | Found a faded altar of an unknown god.
   970 | D:2      | Gained mutation: You have a somewhat thin skeletal
                  | structure. (Dex +2, Stealth) [demonic ancestry]
   970 | D:2      | Reached XP level 3. HP: 29/29 MP: 4/4
  1097 | D:2      | Identified the cursed +0 helmet of Mutualism {Dex+4}
  1097 | D:2      | Noticed Robin
  1118 | D:2      | Killed Robin
  1406 | D:2      | Gained mutation: You sometimes gain a little power by
                  | taking damage. [demonic ancestry]
  1406 | D:2      | Reached XP level 4. HP: 28/35 MP: 5/5
  1408 | D:2      | Reached skill level 4 in Maces & Flails
  1590 | D:2      | Noticed Terence
  1603 | D:2      | Killed Terence
  1711 | D:2      | Reached ** piety under Lugonu
  1722 | D:2      | Gained mutation: You are immune to rotting. [demonic
                  | ancestry]
  1722 | D:2      | Reached XP level 5. HP: 11/41 MP: 6/6
  2301 | D:3      | HP: 2/41 [kobold (3)]
  2334 | D:3      | HP: 1/41 [orc/cursed -2 hand axe (4)]
  2349 | D:4      | HP: 3/61 [poisoned by a scorpion]
  2351 | D:4      | HP: 1/61 [poisoned by a scorpion]
  2352 | D:4      | Succumbed to a scorpion's poison

Illustrated notes

Levels and vault maps discovered:
D:1:      minmay_arrival_split_and_join, layout_loops_ring
D:2:      layout_loops_ring, nemelex_xobeh_ov_fountains_minmay, first_ration,
          chequers_ecumenical_altar_island, minivault_27, uniq_terence,
          uniq_robin
D:3:      kb_forest_paths, layout_basic, nicolae_ru_awakened_eye, uniq_sigmund
D:4:      layout_loops_ring, kennysheep_generic_room_2, uniq_menkaure

Skill      XL: |  1  2  3  4 |
---------------+-------------+-----
Maces & Flails | 2 3 4 |  4.8
Fighting       | |  3.0
Armour         | |  1.7
Dodging        | |  0.8
Invocations    | |  2.4

Action                   |  1- 3 |  4- 6 || total
-------------------------+-------+-------++-------
Melee: Mace              |    99 |    71 ||   170
       Headbutt          |    12 |     9 ||    21
Invok: Depart the Abyss  |     1 |       ||     1
       Bend Space        |       |     1 ||     1
  Use: Potion            |       |     5 ||     5
 Stab: Sleeping          |     1 |       ||     1
  Eat: Chunk             |     2 |     3 ||     5
Armor: Leather armour    |    18 |       ||    18
       Ring mail         |    15 |    29 ||    44
       Skin              |       |     3 ||     3
Dodge: Dodged            |    65 |    49 ||   114
